 Dungeon Crawl Stone Soup version 0.28-a0-998-gb9e9c7b67e (webtiles) character file.

Game seed: 18359441553812571968

454 jlumianski the Sneak (level 7, -16/44 HPs)
             Began as a Gargoyle Monk on Dec 6, 2021.
             Was a Priest of Wu Jian.
             Killed from afar by Dowan (17 damage)
             ... with a stone arrow
             ... on level 5 of the Dungeon.
             The game lasted 00:18:26 (3189 turns).

jlumianski the Sneak (Gargoyle Monk)                Turns: 3189, Time: 00:18:30

Health: -16/44     AC:  9    Str: 17    XL:     7   Next: 5%
Magic:  16/16      EV: 13    Int: 10    God:    Wu Jian [***...]
Gold:   97         SH:  0    Dex: 12    Spells: 6/6 levels left

rFire   . . .      SeeInvis .   j - +2 dagger (venom)
rCold   . . .      Faith    .   (no shield)
rNeg    + . .      Spirit   .   b - +0 robe
rPois   ∞          Reflect  .   (no helmet)
rElec   +          Harm     .   (no cloak)
rCorr   .          Rampage  .   (no gloves)
Will    .....                   p - +2 pair of boots
Stlth   +++.......              (no amulet)
HPRegen 0.14/turn               n - ring of magical power
MPRegen 0.15/turn               (no ring)

@: exhausted
A: sickness immunity, AC +4, negative energy resistance 1, electricity
resistance, torment resistance 1, petrification resistance
a: Renounce Religion, Wall Jump, Serpent's Lash


You were on level 5 of the Dungeon.
You worshipped Wu Jian.
Wu Jian was most pleased with you.
You visited 1 branch of the dungeon, and saw 5 of its levels.

You collected 97 gold pieces.

Inventory:

Hand Weapons
 a - a +0 hand axe
 j - a +2 dagger of venom (weapon)
 q - a +0 hunting sling
Missiles
 d - 140 stones
 h - 32 bolts
 o - 13 sling bullets
 r - 25 poisoned darts (quivered)
Armour
 b - a +0 robe (worn)
 i - a +0 plate armour
 p - a +2 pair of boots (worn)
Jewellery
 n - a ring of magical power (left hand)
Scrolls
 f - a scroll of teleportation
 k - a scroll of vulnerability
 l - a scroll of enchant weapon
Potions
 c - a potion of experience {unknown}
 e - a potion of curing
 g - 2 potions of haste
 m - a potion of brilliance {unknown}
 s - a potion of attraction {unknown}


   Skills:
 + Level 4.3 Fighting
 + Level 3.1 Short Blades
 + Level 3.2 Axes
 + Level 0.4 Throwing
 + Level 3.4 Dodging
 + Level 5.2 Stealth


You had 6 spell levels left.
You didn't know any spells.
Your spell library contained the following spells:

 Spells                   Type           Power      Damage    Failure   Level
 Slow                     Hex            0%         N/A       36%         1
 Confusing Touch          Hex            0%         N/A       75%         3
 Vampiric Draining        Necr           0%         2d6       75%         3


Dungeon Overview and Level Annotations

Branches:
Dungeon (5/15)
 Temple: D:4-7

Altars:
Wu Jian

Shops:
D:1 [   D:3 [

Annotations:
D:3 1 runed translucent door, r3xj's ghost, amateur MiBe
D:5 Dowan


Innate Abilities, Weirdness & Mutations

You are immune to sickness and miasma.
Your stone body is resilient. (AC +4)
You are immune to poison.
You resist negative energy. (rN+)
You are resistant to electric shocks. (rElec)
You are resistant to unholy torment.
You are immune to petrification.


Message History

Dowan is lightly wounded.
You see here a black bear corpse.
Your supernatural speed expires.
Throw: 26 darts (poison)
Press: ? - help, Q - select action, (/) - cycle Shift-Dir - straight line, f - Dowan
Aim: Dowan, wielding a +0 dagger and wearing a +0 robe (lightly wounded, very poisoned, 48% to hit)
You throw a poisoned dart. The poisoned dart closely misses Dowan.
Aiming: Wall Jump
Press: ? - help, Dir - move target, p - Dowan You repeatedly attack Dowan from above.
You barely miss Dowan.
Dowan is lightly wounded.
You barely miss Dowan.
Dowan is lightly wounded.
You repeatedly attack Duvessa from above.
You barely miss Duvessa.
Duvessa is almost dead.
You hit Duvessa but do no damage.
Duvessa is almost dead.
You kill Duvessa!
The Council accepts your kill.
Dowan screams, "No!
No!"
Dowan seems to find hidden reserves of power!
Dowan misses you. Dowan hits you with a +0 dagger.
Dowan hits you but does no damage.
Your Short Blades skill increases to level 3!
Your Stealth skill increases to level 5!
You have reached level 7!
Aiming: Wall Jump
Press: ? - help, Dir - move target You repeatedly attack Dowan from above.
You hit Dowan.
Dowan looks as sick as possible!
Dowan is severely wounded.
You barely miss Dowan.
Dowan is severely wounded.
Dowan casts a spell at you. The shard of ice hits you!
* * * LOW HITPOINT WARNING * * *
Dowan points at you and mumbles some strange words.
The stone arrow hits you!
You die...

.. #..#....#.###.# ... .#
...#..#.....#...###.. #.#
.>...#....#....#.###.# ###
...##...#..>..#...##.. . #...
#.#.###.#....#....#.. . ..e..
#..#.(.###...#.....# # #
......#..#....#.###.# ..[#.#.#
.....ee..#..°e○#...###.. #.#.#
..........#.°@○#....#.###.#...
..........##○○○#.....#...##...
......#.....###.#....#....#...
.#...##...##...###...#.....#.#
#### #...# ####..###.#....#.#
#...# #.....###...#.# #...#
#........###.#.
##.......)##### ##......##


You could see Dowan (fast, extremely poisoned).

Vanquished Creatures
  Duvessa (D:5)
  An ice beast (D:3)
  A black bear (D:5)
  A bullfrog zombie (D:5)
  A hound (D:4)
  4 adders
  4 dart slugs
  An orc (D:5)
  7 endoplasms
  3 giant cockroaches
  3 goblins
  9 hobgoblins
  3 kobolds
  2 quokkas (D:2)
  5 ball pythons
  3 bats
  4 frilled lizards
  5 rats
58 creatures vanquished.

Vanquished Creatures (others)
  4 plants (D:3)
4 creatures vanquished.

Grand Total: 62 creatures vanquished

Notes
Turn   | Place    | Note
-------+----------+-------------------------------------------
     0 | D:1      | jlumianski the Gargoyle Monk began the quest for the Orb.
     0 | D:1      | Reached XP level 1. HP: 14/14 MP: 1/1
   334 | D:2      | Reached XP level 2. HP: 19/19 MP: 2/2
   516 | D:1      | Found a faded altar of an unknown god.
   530 | D:1      | Prayed at the altar of an unknown god.
   530 | D:1      | Became a worshipper of the Wu Jian Council
   530 | D:1      | Reached * piety under Wu Jian
   530 | D:1      | Reached ** piety under Wu Jian
   663 | D:1      | Reached *** piety under Wu Jian
   777 | D:1      | Reached XP level 3. HP: 22/23 MP: 3/3
  1003 | D:1      | Found Vout's Armour Shoppe.
  1520 | D:1      | Reached skill level 3 in Stealth
  1549 | D:2      | Reached XP level 4. HP: 22/29 MP: 4/4
  2308 | D:3      | Noticed an ice beast
  2324 | D:3      | Killed an ice beast
  2325 | D:3      | Reached skill level 1 in Short Blades
  2325 | D:3      | Reached skill level 4 in Stealth
  2325 | D:3      | Reached XP level 5. HP: 33/33 MP: 5/5
  2331 | D:3      | Found Lufinec's Antique Armour Shoppe.
  2430 | D:3      | Found a runed translucent door.
  2431 | D:3      | Noticed r3xj's ghost (amateur MiBe)
  2987 | D:4      | Reached XP level 6. HP: 38/38 MP: 6/6
  3016 | D:5      | Entered Level 5 of the Dungeon
  3163 | D:5      | Noticed a black bear
  3167 | D:5      | Noticed Duvessa
  3167 | D:5      | Noticed Dowan
  3178 | D:5      | Killed a black bear
  3187 | D:5      | Killed Duvessa
  3188 | D:5      | Reached skill level 5 in Stealth
  3188 | D:5      | Reached XP level 7. HP: 14/44 MP: 7/7
  3189 | D:5      | HP: 1/44 [Dowan/shard of ice (14)]
  3189 | D:5      | Killed from afar by Dowan

Illustrated notes

Levels and vault maps discovered:
D:1:      mrwooster_arrival_statue_2, layout_loops_ring, serial_shops,
          nicolae_diamond_shop, shapermc_ecumenical_altar_pompeii
D:2:      minmay_angry_zag, layout_rooms, kennysheep_minor_cross
D:3:      layout_loops_ring, ebering_ghost_reflecting_pool, serial_shops,
          nicolae_shop_overgrown_old_shop
D:4:      layout_basic
D:5:      nicolae_BIG_FREAKIN_CUBE, layout_rooms, portal_sewer_entry_f,
          uniq_duvessa, uniq_blork_the_orc

Skill      XL: |  1  2  3  4  5  6 |
---------------+-------------------+-----
Axes           | 3 |  3.2
Stealth        | 3 4 5 |  5.2
Fighting       | 4 |  4.3
Short Blades   | 1 2 3 |  3.1
Dodging        | 3 |  3.4
Throwing       | |  0.4

Action                   |  1- 3 |  4- 6 |  7- 9 || total
-------------------------+-------+-------+-------++-------
Melee: Hand axe          |    56 |       |       ||    56
       Dagger            |    50 |   105 |     2 ||   157
Throw: Dart              |       |     5 |       ||     5
Invok: Lunge             |    16 |    10 |       ||    26
       Whirlwind         |       |    10 |       ||    10
       Serpent's Lash    |       |     2 |       ||     2
 Abil: Wall Jump         |     4 |    19 |     1 ||    24
  Use: Scroll            |       |     9 |       ||     9
 Stab: Sleeping          |     9 |     5 |       ||    14
Armor: Robe              |    33 |    33 |       ||    66
Dodge: Dodged            |    45 |    48 |       ||    93

Table legend: (Time is in decaauts)
 A = Elapsed time spent in this place.
 B = Non-inter-level travel time spent in this place.
 C = Inter-level travel time spent in this place.
 D = Time resting spent in this place.
 E = Time spent auto-exploring this place.
 F = Levels seen in this place.
 G = Mean time per level.
                   A        B        C        D        E       F      G
               +--------+--------+--------+--------+--------+-----+--------+
         Total |   3222 |   3097 |    125 |      0 |   2104 |   5 |  644.4 |
       Dungeon |   3222 |   3097 |    125 |      0 |   2104 |   5 |  644.4 |
               +--------+--------+--------+--------+--------+-----+--------+

Top non-repeatable levels by time:
     D:2: 1196 daAuts
     D:1: 1067 daAuts
     D:3: 706 daAuts
     D:5: 179 daAuts
     D:4: 73 daAuts
